Islanders vs Blackhawks
Created - November 1, 2024 at 19:39
Goals
|
| Islanders |
3 |
0 |
1 |
4 |
| Blackhawks |
1 |
1 |
1 |
3 |
|
Shots
|
| Islanders |
13 |
15 |
13 |
41 |
| Blackhawks |
7 |
13 |
9 |
29 |
|
1st period
1. Islanders , Brock McGinn 2 (Vladimir Tarasenko 3, Brayden Schenn 3) at 10:03 (PP)
2. Islanders , Brandon Sutter 4 (Garnet Hathaway 3, Kellan Lain 3) at 12:13
3. Islanders , Jason Akeson 2 (Michael Latta 1, Ryan Ellis 5) at 16:16
4. Blackhawks , Mikko Rantanen 3 (Will Butcher 5, Radko Gudas 2) at 19:40
Penalties :
Timo Meier (Chi) for Roughing (Minor) at 2:26, Mikko Rantanen (Chi) for Tripping (Minor) at 8:39
2nd period
5. Blackhawks , Mikko Rantanen 4 (Derek Stepan 4, Antoine Roussel 7) at 2:57 (PP)
Penalties :
Brayden Schenn (NyI) for Goalie Interference (Minor) at 2:20, Yann Sauvé (NyI) for Interference (Minor) at 9:52, Derek Stepan (Chi) for Interference (Minor) at 10:39, Derek Stepan (Chi) for Interference (Minor) at 19:48
3rd period
6. Islanders , Brock McGinn 3 (Brayden Schenn 4, Vladimir Tarasenko 4) at 4:42
7. Blackhawks , Thomas Chabot 1 (Mikko Rantanen 6) at 17:52
Penalties :
Jason Akeson (NyI) for Slashing (Minor) at 10:35, Antoine Roussel (Chi) for Cross-checking (Minor) at 18:54
Goalie Stats
Tyler Weiman (NyI), 26 saves from 29 shots - (0.897), W, 2-3-0, 60:00 minutes
Ilya Samsonov (Chi), 37 saves from 41 shots - (0.902), L, 3-1-0, 60:00 minutes
Players Stats for Islanders
Player Name G A P +/- PIM S H SB GA TA FO MP PP MP PK MP
------------------------------------------------------------------------------------
Adam Fox 0 0 0 -1 0 1 0 0 0 1 0/0 13:34 0:00 0:00
Brandon Sutter 1 0 1 0 0 5 4 0 0 1 7/13 18:20 2:18 1:25
Brayden Schenn 0 2 2 0 2 5 0 2 1 0 18/29 20:37 4:09 1:46
Brian Ferlin 0 0 0 0 0 0 1 0 1 0 0/0 7:59 0:00 0:00
Brock McGinn 2 0 2 0 0 5 2 0 0 0 1/5 22:38 4:56 2:22
Dylan McIlrath 0 0 0 0 0 1 0 0 0 0 0/0 19:15 2:32 0:42
Emerson Etem 0 0 0 1 0 1 3 0 0 0 0/0 12:25 0:00 0:36
Gabriel Carlsson 0 0 0 -1 0 1 1 0 0 0 0/0 12:38 0:00 0:00
Garnet Hathaway 0 1 1 0 0 2 1 0 0 1 0/0 16:33 2:18 0:00
Jamie Arniel 0 0 0 0 0 1 1 0 0 0 1/2 8:18 0:00 0:12
Jason Akeson 1 0 1 1 2 1 0 1 0 0 1/1 11:11 0:00 0:00
Kellan Lain 0 1 1 0 0 4 4 1 0 0 1/1 16:58 2:18 0:25
Michael Latta 0 1 1 1 0 3 1 1 1 0 4/9 13:23 0:47 0:00
Nikita Zadorov 0 0 0 2 0 1 0 0 1 0 0/0 28:07 4:42 2:41
Ryan Ellis 0 1 1 2 0 3 1 1 0 1 0/0 28:07 4:42 2:41
Sergei Plotnikov 0 0 0 0 0 1 0 0 0 0 0/0 7:59 0:00 0:00
Vladimir Tarasenko 0 2 2 0 0 6 1 0 2 0 2/2 17:19 4:09 0:00
Yann Sauvé 0 0 0 0 2 0 1 3 1 1 0/0 20:01 3:19 0:42
Players Stats for Blackhawks
Player Name G A P +/- PIM S H SB GA TA FO MP PP MP PK MP
------------------------------------------------------------------------------------
Adrian Kempe 0 0 0 -1 0 0 1 0 0 1 1/1 13:28 1:15 1:28
Andrew Ladd 0 0 0 0 0 2 1 0 0 1 0/0 9:59 0:00 0:00
Antoine Roussel 0 1 1 1 2 0 3 0 0 0 0/2 18:45 2:08 1:36
Derek Stepan 0 1 1 1 4 3 0 1 0 1 15/31 20:05 2:07 2:04
Erik Haula 0 0 0 -1 0 1 3 0 0 1 5/12 18:08 1:15 4:20
Jakob Chychrun 0 0 0 0 0 1 0 0 1 0 0/0 12:51 1:17 0:00
Jakob Silfverberg 0 0 0 -1 0 1 0 1 0 0 0/1 13:56 1:15 0:00
Joe Pavelski 0 0 0 0 0 2 1 0 0 0 0/0 9:50 0:00 0:00
Mike Amadio 0 0 0 -1 0 0 1 1 0 1 1/1 15:45 0:00 4:08
Mikko Rantanen 2 1 3 1 2 7 1 0 0 0 0/1 17:27 2:08 0:02
PK Subban 0 0 0 0 0 0 2 0 0 1 0/0 20:27 0:56 3:00
Radko Gudas 0 1 1 -1 0 1 3 2 0 0 0/0 25:35 0:13 4:14
Robert Hagg 0 0 0 0 0 0 0 2 0 0 0/0 11:34 0:00 0:00
Stefan Matteau 0 0 0 0 0 1 1 1 0 0 2/4 11:59 0:00 0:50
Thomas Chabot 1 0 1 0 0 5 2 1 1 1 0/0 21:39 1:58 3:00
Timo Meier 0 0 0 -1 2 1 1 0 0 0 0/1 12:13 0:00 0:00
Will Butcher 0 1 1 -1 0 2 2 0 2 0 0/0 27:54 2:22 4:14
William Karlsson 0 0 0 -1 0 2 0 0 1 0 3/8 9:54 0:00 0:00
3 Stars
1 - Mikko Rantanen (Chi)
2 - Brock McGinn (NyI)
3 - Brandon Sutter (NyI)
Power Play
Islanders - 1 on 5 Attempt(s) - 20.00%
Blackhawks - 1 on 3 Attempt(s) - 33.33%
Penalty Kill
Islanders - 2 on 3 Attempt(s) - 66.67%
- Score 0 goal in Penalty Kill
Blackhawks - 4 on 5 Attempt(s) - 80.00%
- Score 0 goal in Penalty Kill
Team Stat
Islanders - Hits : 21 - Faceoff Wins : 35 - Blocked Shots : 9 - Penalty Minutes : 6
Blackhawks - Hits : 22 - Faceoff Wins : 27 - Blocked Shots : 9 - Penalty Minutes : 10
Official
Referees : Brad Meier and Garrett Rank
Linesman : Pierre Racicot and Julien Fournier
Game Notes
No Game Note
Finance
Level 1 -- Attendance: 5687 (94.78%) -- Ticket Income $568,700
Level 2 -- Attendance: 5000 (100.00%) -- Ticket Income $350,000
Level 3 -- Attendance: 1842 (92.10%) -- Ticket Income $73,680
Level 4 -- Attendance: 3847 (96.18%) -- Ticket Income $115,410
Luxury Box -- Attendance: 929 (92.90%) -- Ticket Income $185,800
Game was played at the United Center.
Total Attendance: 17305 (96.14%)
Total Ticket Income: $1,293,590
Other Income: $194,038
Total Income: $1,487,628
Islanders
5 vs 5 Forward
Center Left Wing Right Wing Time % Phy DF OF
1 Brayden Schenn Brock McGinn Vladimir Tarasenko 40 1 2 2
2 Brandon Sutter Kellan Lain Garnet Hathaway 30 1 2 2
3 Michael Latta Emerson Etem Jason Akeson 20 1 2 2
4 Jamie Arniel Sergei Plotnikov Brian Ferlin 10 1 2 2
5 vs 5 Defense
Defense Defense Time % Phy DF OF
1 Ryan Ellis Nikita Zadorov 40 1 2 2
2 Yann Sauvé Dylan McIlrath 30 1 2 2
3 Adam Fox Gabriel Carlsson 20 1 2 2
4 Ryan Ellis Nikita Zadorov 10 1 2 2
PowerPlay Forward
Center Left Wing Right Wing Time % Phy DF OF
1 Brayden Schenn Brock McGinn Vladimir Tarasenko 60 1 2 2
2 Brandon Sutter Kellan Lain Garnet Hathaway 40 1 2 2
PowerPlay Defense
Defense Defense Time % Phy DF OF
1 Ryan Ellis Nikita Zadorov 60 1 2 2
2 Yann Sauvé Dylan McIlrath 40 1 2 2
Penalty Kill 4 Players Forward
Center Wing Time % Phy DF OF
1 Brayden Schenn Brock McGinn 60 1 2 2
2 Brandon Sutter Kellan Lain 40 1 2 2
Penalty Kill 4 Players Defense
Defense Defense Time % Phy DF OF
1 Ryan Ellis Nikita Zadorov 60 1 2 2
2 Yann Sauvé Dylan McIlrath 40 1 2 2
Penalty Kill - 3 Players Forward
Forward Time % Phy DF OF
1 Brayden Schenn 60 1 2 2
2 Brandon Sutter 40 1 2 2
Penalty Kill - 3 Players Defense
Defense Defense Time % Phy DF OF
1 Ryan Ellis Nikita Zadorov 60 1 2 2
2 Yann Sauvé Dylan McIlrath 40 1 2 2
4 vs 4 Forward
Center Wing Time % Phy DF OF
1 Brayden Schenn Brock McGinn 60 1 2 2
2 Brandon Sutter Kellan Lain 40 1 2 2
4 vs 4 Defense
Defense Defense Time % Phy DF OF
1 Ryan Ellis Nikita Zadorov 60 1 2 2
2 Yann Sauvé Dylan McIlrath 40 1 2 2
Last Minutes Offensive
Center Left Wing Right Wing Defense Defense
Brayden Schenn Brock McGinn Vladimir Tarasenko Ryan Ellis Nikita Zadorov
Last Minutes Defensive
Center Left Wing Right Wing Defense Defense
Brayden Schenn Brock McGinn Vladimir Tarasenko Ryan Ellis Nikita Zadorov
Goaltenders
Starting : Tyler Weiman
Backup : Joonas Korpisalo
Extra Forwards
Normal : Brandon Sutter, Michael Latta, Garnet Hathaway - PP : Brandon Sutter, Michael Latta - PK : Brandon Sutter
Extra Defensemen
Normal : Dylan McIlrath, Adam Fox, Gabriel Carlsson - PP : Dylan McIlrath - PK : Dylan McIlrath, Adam Fox
Penalty Shots
Vladimir Tarasenko, Brayden Schenn, Brock McGinn, Kellan Lain, Brandon Sutter
Custom OT Lines Forwards
Vladimir Tarasenko, Brayden Schenn, Brock McGinn, Kellan Lain, Brandon Sutter, Michael Latta, Garnet Hathaway, Jason Akeson, Emerson Etem, Jamie Arniel
Custom OT Lines Defensemen
Ryan Ellis, Nikita Zadorov, Yann Sauvé, Dylan McIlrath, Adam Fox
Scratches
Jordan Greenway (Healthy)
Blackhawks
5 vs 5 Forward
Center Left Wing Right Wing Time % Phy DF OF
1 Derek Stepan Antoine Roussel Mikko Rantanen 40 1 2 2
2 Erik Haula Timo Meier Jakob Silfverberg 30 1 2 2
3 William Karlsson Adrian Kempe Mike Amadio 20 1 2 2
4 Stefan Matteau Andrew Ladd Joe Pavelski 10 1 2 2
5 vs 5 Defense
Defense Defense Time % Phy DF OF
1 Radko Gudas Will Butcher 40 1 2 2
2 PK Subban Thomas Chabot 30 1 2 2
3 Robert Hagg Jakob Chychrun 20 1 2 2
4 Radko Gudas Will Butcher 10 1 2 2
PowerPlay Forward
Center Left Wing Right Wing Time % Phy DF OF
1 Derek Stepan Antoine Roussel Mikko Rantanen 60 1 2 2
2 Erik Haula Adrian Kempe Jakob Silfverberg 40 1 2 2
PowerPlay Defense
Defense Defense Time % Phy DF OF
1 Thomas Chabot Will Butcher 60 1 2 2
2 PK Subban Jakob Chychrun 40 1 2 2
Penalty Kill 4 Players Forward
Center Wing Time % Phy DF OF
1 Derek Stepan Mike Amadio 60 1 2 2
2 Erik Haula Antoine Roussel 40 1 2 2
Penalty Kill 4 Players Defense
Defense Defense Time % Phy DF OF
1 Radko Gudas Will Butcher 60 1 2 2
2 PK Subban Thomas Chabot 40 1 2 2
Penalty Kill - 3 Players Forward
Forward Time % Phy DF OF
1 Derek Stepan 60 1 2 2
2 Erik Haula 40 1 2 2
Penalty Kill - 3 Players Defense
Defense Defense Time % Phy DF OF
1 Radko Gudas Will Butcher 60 1 2 2
2 PK Subban Thomas Chabot 40 1 2 2
4 vs 4 Forward
Center Wing Time % Phy DF OF
1 Derek Stepan Mikko Rantanen 60 1 2 2
2 Erik Haula Jakob Silfverberg 40 1 2 2
4 vs 4 Defense
Defense Defense Time % Phy DF OF
1 Radko Gudas Will Butcher 60 1 2 2
2 PK Subban Thomas Chabot 40 1 2 2
Last Minutes Offensive
Center Left Wing Right Wing Defense Defense
Derek Stepan Antoine Roussel Mikko Rantanen Radko Gudas Will Butcher
Last Minutes Defensive
Center Left Wing Right Wing Defense Defense
Derek Stepan Antoine Roussel Mike Amadio Radko Gudas Will Butcher
Goaltenders
Starting : Ilya Samsonov
Backup : Cam Ward
Extra Forwards
Normal : Jakob Silfverberg, Antoine Roussel, Adrian Kempe - PP : Mikko Rantanen, Antoine Roussel - PK : Mike Amadio
Extra Defensemen
Normal : Thomas Chabot, Robert Hagg, Jakob Chychrun - PP : Will Butcher - PK : Radko Gudas, Robert Hagg
Penalty Shots
Jakob Silfverberg, Mikko Rantanen, Antoine Roussel, Derek Stepan, Erik Haula
Custom OT Lines Forwards
Jakob Silfverberg, Mikko Rantanen, Antoine Roussel, Derek Stepan, Erik Haula, Mike Amadio, Adrian Kempe, Timo Meier, William Karlsson, Joe Pavelski
Custom OT Lines Defensemen
Radko Gudas, Will Butcher, PK Subban, Thomas Chabot, Robert Hagg
Scratches
None
% Time on Ice - Islanders
Lines # - Real PCT - Wanted PCT - Time Play
Normal Forward
1 - 32% - 40% - 15:18
2 - 30% - 30% - 14:15
3 - 22% - 20% - 10:39
4 - 17% - 10% - 7:59
Normal Defense
1 - 40% - 40% - 19:24
2 - 31% - 30% - 15:05
3 - 26% - 20% - 12:38
4 - 2% - 10% - 1:04
PP Forward
1 - 68% - 60% - 4:56
2 - 32% - 40% - 2:18
PP Defense
1 - 65% - 60% - 4:42
2 - 35% - 40% - 2:32
PK Forward
1 - 88% - 60% - 2:58
2 - 12% - 40% - 0:25
PK Defense
1 - 79% - 60% - 2:41
2 - 21% - 40% - 0:42
PK3 Forward
1 - 0% - 60%
2 - 0% - 40%
PK3 Defense
1 - 0% - 60%
2 - 0% - 40%
44 Forward
1 - 100% - 60% - 1:12
2 - 0% - 40% - 0:00
44 Defense
1 - 22% - 60% - 0:16
2 - 78% - 40% - 0:56
Last Minute Offensive - 0:00
Last Minute Defensive - 0:00
Total
Forward - 60:00
Defense - 60:00
|
% Time on Ice - Blackhawks
Lines # - Real PCT - Wanted PCT - Time Play
Normal Forward
1 - 34% - 40% - 16:16
2 - 25% - 30% - 12:11
3 - 21% - 20% - 9:54
4 - 20% - 10% - 9:50
Normal Defense
1 - 40% - 40% - 19:13
2 - 33% - 30% - 15:57
3 - 24% - 20% - 11:34
4 - 3% - 10% - 1:27
PP Forward
1 - 63% - 60% - 2:08
2 - 37% - 40% - 1:15
PP Defense
1 - 62% - 60% - 2:06
2 - 38% - 40% - 1:17
PK Forward
1 - 74% - 60% - 5:19
2 - 26% - 40% - 1:55
PK Defense
1 - 59% - 60% - 4:14
2 - 41% - 40% - 3:00
PK3 Forward
1 - 0% - 60%
2 - 0% - 40%
PK3 Defense
1 - 0% - 60%
2 - 0% - 40%
44 Forward
1 - 100% - 60% - 1:12
2 - 0% - 40% - 0:00
44 Defense
1 - 53% - 60% - 0:38
2 - 47% - 40% - 0:34
Last Minute Offensive - 0:00
Last Minute Defensive - 0:00
Total
Forward - 60:00
Defense - 60:00
|
Play-by-Play
1st period
0:01 of 1st period - Brayden Schenn wins face-off versus Derek Stepan in neutral zone.
0:32 of 1st period - Snap shot by Garnet Hathaway.
0:32 of 1st period - Deflect By Will Butcher.
0:32 of 1st period - Shot Blocked by Jakob Silfverberg.
0:32 of 1st period - Puck is out of play.
0:33 of 1st period - Michael Latta wins face-off versus William Karlsson in Blackhawks zone.
0:50 of 1st period - Slapshot by Thomas Chabot.
0:50 of 1st period - Shot Blocked by Michael Latta.
1:18 of 1st period - Snap shot by William Karlsson.
1:18 of 1st period - Shot Misses the Net.
1:28 of 1st period - Slapshot by Emerson Etem.
1:28 of 1st period - Stopped by Ilya Samsonov with a rebound.
1:46 of 1st period - Wrist shot by Thomas Chabot.
1:46 of 1st period - Stopped by Tyler Weiman without a rebound.
1:47 of 1st period - Brayden Schenn wins face-off versus Derek Stepan in Islanders zone.
2:02 of 1st period - Wrist shot by Vladimir Tarasenko.
2:02 of 1st period - Shot Blocked by Robert Hagg.
2:04 of 1st period - Snap shot by Vladimir Tarasenko.
2:04 of 1st period - Stopped by Ilya Samsonov without a rebound.
2:05 of 1st period - Brandon Sutter wins face-off versus Erik Haula in Blackhawks zone.
2:12 of 1st period - Wrist shot by Garnet Hathaway.
2:12 of 1st period - Shot Misses the Net.
2:26 of 1st period - Minor Penalty to Timo Meier for Roughing.
2:27 of 1st period - Derek Stepan wins face-off versus Brayden Schenn in Blackhawks zone.
2:40 of 1st period - Snap shot by Vladimir Tarasenko.
2:40 of 1st period - Shot Misses the Net.
4:26 of 1st period - Penalty to Timo Meier is over, Timo Meier is back on ice.
5:59 of 1st period - Michael Latta is hit by PK Subban and loses puck.
7:31 of 1st period - Antoine Roussel is hit by Brandon Sutter and loses puck.
7:38 of 1st period - Garnet Hathaway is hit by Antoine Roussel and loses puck.
8:00 of 1st period - Yann Sauvé is hit by Will Butcher and loses puck.
8:15 of 1st period - Slapshot by Yann Sauvé.
8:15 of 1st period - Deflect By Brayden Schenn.
8:15 of 1st period - Shot Misses the Net.
8:15 of 1st period - Puck is out of play.
8:16 of 1st period - William Karlsson wins face-off versus Brayden Schenn in Blackhawks zone.
8:22 of 1st period - Icing by Radko Gudas.
8:23 of 1st period - William Karlsson wins face-off versus Brayden Schenn in Blackhawks zone.
8:32 of 1st period - Snap shot by Vladimir Tarasenko.
8:32 of 1st period - Stopped by Ilya Samsonov without a rebound.
8:33 of 1st period - Brayden Schenn wins face-off versus Derek Stepan in Blackhawks zone.
8:33 of 1st period - Ryan Ellis is hit by Radko Gudas.
8:37 of 1st period - Slapshot by Brayden Schenn.
8:37 of 1st period - Shot Misses the Net.
8:39 of 1st period - Minor Penalty to Mikko Rantanen for Tripping.
8:40 of 1st period - Derek Stepan wins face-off versus Brayden Schenn in Blackhawks zone.
9:57 of 1st period - Wrist shot by Vladimir Tarasenko.
9:57 of 1st period - Shot Misses the Net.
9:59 of 1st period - Wrist shot by Brayden Schenn.
9:59 of 1st period - Stopped by Ilya Samsonov with a rebound.
10:01 of 1st period - Wrist shot by Vladimir Tarasenko.
10:01 of 1st period - Shot Blocked by Thomas Chabot.
10:03 of 1st period - Wrist shot by Brock McGinn.
10:03 of 1st period - Goal by Brock McGinn - Islanders : 1 - Blackhawks : 0.
10:04 of 1st period - Brandon Sutter wins face-off versus Stefan Matteau in neutral zone.
11:21 of 1st period - Snap shot by Jakob Silfverberg.
11:21 of 1st period - Stopped by Tyler Weiman without a rebound.
11:22 of 1st period - Brandon Sutter wins face-off versus Timo Meier in Islanders zone.
11:29 of 1st period - Snap shot by Kellan Lain.
11:29 of 1st period - Stopped by Ilya Samsonov with a rebound.
11:45 of 1st period - Snap shot by Timo Meier.
11:45 of 1st period - Shot Misses the Net.
11:57 of 1st period - Snap shot by Brandon Sutter.
11:57 of 1st period - Shot Misses the Net.
11:59 of 1st period - Wrist shot by Brandon Sutter.
11:59 of 1st period - Stopped by Ilya Samsonov with a rebound.
12:05 of 1st period - Snap shot by Brandon Sutter.
12:05 of 1st period - Shot Misses the Net.
12:07 of 1st period - Snap shot by Brandon Sutter.
12:07 of 1st period - Stopped by Ilya Samsonov with a rebound.
12:13 of 1st period - Snap shot by Brandon Sutter.
12:13 of 1st period - Goal by Brandon Sutter - Islanders : 2 - Blackhawks : 0.
12:14 of 1st period - Brayden Schenn wins face-off versus Derek Stepan in neutral zone.
12:21 of 1st period - Antoine Roussel is hit by Brock McGinn and loses puck.
13:25 of 1st period - Nikita Zadorov is hit by PK Subban.
13:45 of 1st period - Snap shot by Brandon Sutter.
13:45 of 1st period - Stopped by Ilya Samsonov with a rebound.
15:07 of 1st period - Slapshot by Thomas Chabot.
15:07 of 1st period - Stopped by Tyler Weiman without a rebound.
15:08 of 1st period - Jamie Arniel wins face-off versus Stefan Matteau in Islanders zone.
15:19 of 1st period - Slapshot by Sergei Plotnikov.
15:19 of 1st period - Stopped by Ilya Samsonov without a rebound.
15:20 of 1st period - Brayden Schenn wins face-off versus Derek Stepan in Blackhawks zone.
15:25 of 1st period - Slapshot by Brayden Schenn.
15:25 of 1st period - Shot Misses the Net.
15:31 of 1st period - Slapshot by Radko Gudas.
15:31 of 1st period - Shot Blocked by Brayden Schenn.
16:14 of 1st period - Snap shot by Michael Latta.
16:14 of 1st period - Shot Misses the Net.
16:16 of 1st period - Slapshot by Jason Akeson.
16:16 of 1st period - Goal by Jason Akeson - Islanders : 3 - Blackhawks : 0.
16:17 of 1st period - Derek Stepan wins face-off versus Brayden Schenn in neutral zone.
16:20 of 1st period - Slapshot by Will Butcher.
16:20 of 1st period - Shot Misses the Net.
17:29 of 1st period - Snap shot by Vladimir Tarasenko.
17:29 of 1st period - Stopped by Ilya Samsonov without a rebound.
17:30 of 1st period - Stefan Matteau wins face-off versus Brock McGinn in Blackhawks zone.
17:48 of 1st period - Icing by PK Subban.
17:49 of 1st period - Stefan Matteau wins face-off versus Brandon Sutter in Blackhawks zone.
17:49 of 1st period - Stefan Matteau is hit by Garnet Hathaway.
18:26 of 1st period - Will Butcher is hit by Brock McGinn and loses puck.
18:33 of 1st period - Slapshot by Radko Gudas.
18:33 of 1st period - Stopped by Tyler Weiman without a rebound.
18:34 of 1st period - Derek Stepan wins face-off versus Michael Latta in Islanders zone.
18:39 of 1st period - Snap shot by Mikko Rantanen.
18:39 of 1st period - Stopped by Tyler Weiman without a rebound.
18:40 of 1st period - Michael Latta wins face-off versus Derek Stepan in Islanders zone.
19:10 of 1st period - Icing by Erik Haula.
19:11 of 1st period - Brayden Schenn wins face-off versus Erik Haula in Blackhawks zone.
19:20 of 1st period - Slapshot by Will Butcher.
19:20 of 1st period - Stopped by Tyler Weiman with a rebound.
19:40 of 1st period - Slapshot by Will Butcher.
19:40 of 1st period - Deflect By Mikko Rantanen.
19:40 of 1st period - Goal by Mikko Rantanen - Islanders : 3 - Blackhawks : 1.
19:41 of 1st period - Brayden Schenn wins face-off versus Derek Stepan in neutral zone.
19:44 of 1st period - Thomas Chabot is hit by Vladimir Tarasenko and loses puck.
Goals for this period are 3 for Islanders vs 1 for Blackhawks.
Shots for this period are 13 for Islanders vs 7 for Blackhawks.
2nd period
0:01 of 2nd period - Derek Stepan wins face-off versus Brayden Schenn in neutral zone.
0:33 of 2nd period - Slapshot by Will Butcher.
0:33 of 2nd period - Shot Blocked by Kellan Lain.
0:35 of 2nd period - Slapshot by Will Butcher.
0:35 of 2nd period - Stopped by Tyler Weiman with a rebound.
0:37 of 2nd period - Wrist shot by Erik Haula.
0:37 of 2nd period - Shot Misses the Net.
0:39 of 2nd period - Slapshot by Erik Haula.
0:39 of 2nd period - Shot Misses the Net.
0:41 of 2nd period - Backhand shot by Erik Haula.
0:41 of 2nd period - Shot Misses the Net.
0:48 of 2nd period - Icing by Brandon Sutter.
0:49 of 2nd period - Adrian Kempe wins face-off versus Brandon Sutter in Islanders zone.
0:50 of 2nd period - Snap shot by William Karlsson.
0:50 of 2nd period - Stopped by Tyler Weiman with a rebound.
1:09 of 2nd period - Snap shot by Brandon Sutter.
1:09 of 2nd period - Stopped by Ilya Samsonov with a rebound.
1:21 of 2nd period - Slapshot by Ryan Ellis.
1:21 of 2nd period - Stopped by Ilya Samsonov with a rebound.
1:23 of 2nd period - Backhand shot by Ryan Ellis.
1:23 of 2nd period - Stopped by Ilya Samsonov without a rebound.
1:24 of 2nd period - Vladimir Tarasenko wins face-off versus Erik Haula in Blackhawks zone.
1:51 of 2nd period - Radko Gudas is hit by Yann Sauvé and loses puck.
1:58 of 2nd period - Backhand shot by Will Butcher.
1:58 of 2nd period - Shot Misses the Net.
2:00 of 2nd period - Snap shot by Mike Amadio.
2:00 of 2nd period - Deflect By Adrian Kempe.
2:00 of 2nd period - Shot Misses the Net.
2:00 of 2nd period - Puck is out of play.
2:01 of 2nd period - Derek Stepan wins face-off versus Michael Latta in Islanders zone.
2:16 of 2nd period - Slapshot by Derek Stepan.
2:16 of 2nd period - Stopped by Tyler Weiman without a rebound.
2:17 of 2nd period - Brayden Schenn wins face-off versus Erik Haula in Islanders zone.
2:17 of 2nd period - Brayden Schenn is hit by Erik Haula.
2:20 of 2nd period - Minor Penalty to Brayden Schenn for Goalie Interference.
2:21 of 2nd period - Brock McGinn wins face-off versus Derek Stepan in Islanders zone.
2:35 of 2nd period - Snap shot by Derek Stepan.
2:35 of 2nd period - Stopped by Tyler Weiman without a rebound.
2:36 of 2nd period - Derek Stepan wins face-off versus Brandon Sutter in Islanders zone.
2:43 of 2nd period - Slapshot by Mikko Rantanen.
2:43 of 2nd period - Stopped by Tyler Weiman without a rebound.
2:44 of 2nd period - Derek Stepan wins face-off versus Brandon Sutter in Islanders zone.
2:55 of 2nd period - Wrist shot by Mikko Rantanen.
2:55 of 2nd period - Stopped by Tyler Weiman with a rebound.
2:57 of 2nd period - Snap shot by Mikko Rantanen.
2:57 of 2nd period - Goal by Mikko Rantanen - Islanders : 3 - Blackhawks : 2.
2:58 of 2nd period - Derek Stepan wins face-off versus Brayden Schenn in neutral zone.
3:38 of 2nd period - Snap shot by Kellan Lain.
3:38 of 2nd period - Shot Misses the Net.
6:17 of 2nd period - Snap shot by Mikko Rantanen.
6:17 of 2nd period - Stopped by Tyler Weiman with a rebound.
6:32 of 2nd period - Garnet Hathaway is hit by Radko Gudas.
6:49 of 2nd period - Garnet Hathaway is hit by Mike Amadio and loses puck.
6:58 of 2nd period - Wrist shot by Brandon Sutter.
6:58 of 2nd period - Shot Misses the Net.
7:14 of 2nd period - Garnet Hathaway is hit by Thomas Chabot.
7:18 of 2nd period - Thomas Chabot is hit by Brandon Sutter and loses puck.
7:47 of 2nd period - PK Subban is hit by Kellan Lain and loses puck.
7:56 of 2nd period - Slapshot by Kellan Lain.
7:56 of 2nd period - Stopped by Ilya Samsonov with a rebound.
7:58 of 2nd period - Snap shot by Kellan Lain.
7:58 of 2nd period - Stopped by Ilya Samsonov with a rebound.
8:00 of 2nd period - Wrist shot by Brandon Sutter.
8:00 of 2nd period - Shot Misses the Net.
8:02 of 2nd period - Snap shot by Garnet Hathaway.
8:02 of 2nd period - Deflect By Thomas Chabot.
8:02 of 2nd period - Stopped by Ilya Samsonov with a rebound.
8:51 of 2nd period - Stefan Matteau is hit by Ryan Ellis and loses puck.
9:06 of 2nd period - Snap shot by Stefan Matteau.
9:06 of 2nd period - Stopped by Tyler Weiman without a rebound.
9:07 of 2nd period - Vladimir Tarasenko wins face-off versus Mikko Rantanen in Islanders zone.
9:52 of 2nd period - Minor Penalty to Yann Sauvé for Interference.
9:53 of 2nd period - Derek Stepan wins face-off versus Brayden Schenn in Islanders zone.
9:57 of 2nd period - Snap shot by Derek Stepan.
9:57 of 2nd period - Shot Misses the Net.
10:27 of 2nd period - Nikita Zadorov is hit by Erik Haula and loses puck.
10:39 of 2nd period - Minor Penalty to Derek Stepan for Interference.
10:40 of 2nd period - Brayden Schenn wins face-off versus Jakob Silfverberg in Blackhawks zone.
11:06 of 2nd period - Brock McGinn is hit by Radko Gudas and loses puck.
11:29 of 2nd period - Thomas Chabot is hit by Emerson Etem and loses puck.
11:52 of 2nd period - Penalty to Yann Sauvé is over, Yann Sauvé is back on ice.
12:00 of 2nd period - Erik Haula is hit by Michael Latta and loses puck.
12:39 of 2nd period - Penalty to Derek Stepan is over, Derek Stepan is back on ice.
12:59 of 2nd period - Snap shot by Michael Latta.
12:59 of 2nd period - Stopped by Ilya Samsonov with a rebound.
13:07 of 2nd period - Backhand shot by Michael Latta.
13:07 of 2nd period - Shot Misses the Net.
13:09 of 2nd period - Slapshot by Nikita Zadorov.
13:09 of 2nd period - Stopped by Ilya Samsonov with a rebound.
13:47 of 2nd period - Snap shot by Michael Latta.
13:47 of 2nd period - Shot Misses the Net.
13:49 of 2nd period - Wrist shot by Brock McGinn.
13:49 of 2nd period - Shot Blocked by Stefan Matteau.
13:51 of 2nd period - Wrist shot by Yann Sauvé.
13:51 of 2nd period - Shot Misses the Net.
13:53 of 2nd period - Slapshot by Nikita Zadorov.
13:53 of 2nd period - Shot Misses the Net.
13:55 of 2nd period - Wrist shot by Yann Sauvé.
13:55 of 2nd period - Shot Blocked by Mike Amadio.
13:57 of 2nd period - Snap shot by Yann Sauvé.
13:57 of 2nd period - Shot Misses the Net.
14:07 of 2nd period - Wrist shot by Michael Latta.
14:07 of 2nd period - Stopped by Ilya Samsonov with a rebound.
14:09 of 2nd period - Snap shot by Brock McGinn.
14:09 of 2nd period - Shot Blocked by Derek Stepan.
14:11 of 2nd period - Slapshot by Ryan Ellis.
14:11 of 2nd period - Stopped by Ilya Samsonov with a rebound.
14:13 of 2nd period - Snap shot by Brock McGinn.
14:13 of 2nd period - Stopped by Ilya Samsonov without a rebound.
14:14 of 2nd period - Erik Haula wins face-off versus Brandon Sutter in Blackhawks zone.
14:14 of 2nd period - Erik Haula is hit by Kellan Lain.
14:28 of 2nd period - Erik Haula is hit by Gabriel Carlsson and loses puck.
14:39 of 2nd period - Radko Gudas is hit by Jamie Arniel and loses puck.
14:50 of 2nd period - Wrist shot by Timo Meier.
14:50 of 2nd period - Shot Misses the Net.
15:21 of 2nd period - Icing by Gabriel Carlsson.
15:22 of 2nd period - Erik Haula wins face-off versus Jamie Arniel in Islanders zone.
15:23 of 2nd period - Slapshot by Joe Pavelski.
15:23 of 2nd period - Shot Misses the Net.
15:33 of 2nd period - Slapshot by Adam Fox.
15:33 of 2nd period - Stopped by Ilya Samsonov without a rebound.
15:34 of 2nd period - Brandon Sutter wins face-off versus Derek Stepan in Blackhawks zone.
15:46 of 2nd period - Wrist shot by Kellan Lain.
15:46 of 2nd period - Stopped by Ilya Samsonov with a rebound.
16:04 of 2nd period - Brian Ferlin is hit by Erik Haula and loses puck.
16:30 of 2nd period - Erik Haula is hit by Brian Ferlin and loses puck.
16:59 of 2nd period - Wrist shot by Adrian Kempe.
16:59 of 2nd period - Shot Misses the Net.
17:42 of 2nd period - Slapshot by Joe Pavelski.
17:42 of 2nd period - Shot Blocked by Yann Sauvé.
17:44 of 2nd period - Slapshot by Robert Hagg.
17:44 of 2nd period - Shot Blocked by Yann Sauvé.
17:46 of 2nd period - Backhand shot by Jakob Chychrun.
17:46 of 2nd period - Stopped by Tyler Weiman with a rebound.
17:48 of 2nd period - Wrist shot by Joe Pavelski.
17:48 of 2nd period - Deflect By Andrew Ladd.
17:48 of 2nd period - Stopped by Tyler Weiman with a rebound.
17:56 of 2nd period - Snap shot by Joe Pavelski.
17:56 of 2nd period - Shot Blocked by Yann Sauvé.
18:14 of 2nd period - Wrist shot by Joe Pavelski.
18:14 of 2nd period - Stopped by Tyler Weiman with a rebound.
18:16 of 2nd period - Wrist shot by Will Butcher.
18:16 of 2nd period - Shot Misses the Net.
18:18 of 2nd period - Wrist shot by Joe Pavelski.
18:18 of 2nd period - Shot Misses the Net.
18:20 of 2nd period - Snap shot by Andrew Ladd.
18:20 of 2nd period - Stopped by Tyler Weiman without a rebound.
18:21 of 2nd period - Brandon Sutter wins face-off versus Derek Stepan in Islanders zone.
19:15 of 2nd period - Snap shot by Brock McGinn.
19:15 of 2nd period - Stopped by Ilya Samsonov with a rebound.
19:17 of 2nd period - Wrist shot by Vladimir Tarasenko.
19:17 of 2nd period - Deflect By Radko Gudas.
19:17 of 2nd period - Shot Misses the Net.
19:17 of 2nd period - Puck is out of play.
19:18 of 2nd period - William Karlsson wins face-off versus Brock McGinn in Blackhawks zone.
19:23 of 2nd period - Brayden Schenn is hit by Will Butcher and loses puck.
19:40 of 2nd period - Slapshot by Brock McGinn.
19:40 of 2nd period - Shot Blocked by Radko Gudas.
19:42 of 2nd period - Backhand shot by Yann Sauvé.
19:42 of 2nd period - Shot Blocked by Radko Gudas.
19:44 of 2nd period - Slapshot by Vladimir Tarasenko.
19:44 of 2nd period - Deflect By Brayden Schenn.
19:44 of 2nd period - Stopped by Ilya Samsonov without a rebound.
19:45 of 2nd period - Derek Stepan wins face-off versus Michael Latta in Blackhawks zone.
19:45 of 2nd period - Derek Stepan is hit by Emerson Etem.
19:48 of 2nd period - Minor Penalty to Derek Stepan for Interference.
19:49 of 2nd period - Erik Haula wins face-off versus Brock McGinn in Blackhawks zone.
19:55 of 2nd period - Snap shot by Will Butcher.
19:55 of 2nd period - Shot Misses the Net.
Goals for this period are 0 for Islanders vs 1 for Blackhawks.
Shots for this period are 15 for Islanders vs 13 for Blackhawks.
3rd period
0:01 of 3rd period - Brayden Schenn wins face-off versus Erik Haula in neutral zone.
0:26 of 3rd period - Mike Amadio is hit by Kellan Lain and loses puck.
0:31 of 3rd period - Snap shot by Garnet Hathaway.
0:31 of 3rd period - Stopped by Ilya Samsonov without a rebound.
0:32 of 3rd period - Erik Haula wins face-off versus Brandon Sutter in Blackhawks zone.
0:32 of 3rd period - Erik Haula is hit by Brandon Sutter.
1:48 of 3rd period - Penalty to Derek Stepan is over, Derek Stepan is back on ice.
2:08 of 3rd period - Antoine Roussel is hit by Emerson Etem and loses puck.
3:05 of 3rd period - Icing by Ryan Ellis.
3:06 of 3rd period - Derek Stepan wins face-off versus Michael Latta in Islanders zone.
3:37 of 3rd period - Slapshot by Vladimir Tarasenko.
3:37 of 3rd period - Stopped by Ilya Samsonov without a rebound.
3:38 of 3rd period - Brayden Schenn wins face-off versus Derek Stepan in Blackhawks zone.
3:45 of 3rd period - Wrist shot by Brayden Schenn.
3:45 of 3rd period - Stopped by Ilya Samsonov without a rebound.
3:46 of 3rd period - Brayden Schenn wins face-off versus Derek Stepan in Blackhawks zone.
3:47 of 3rd period - Slapshot by Vladimir Tarasenko.
3:47 of 3rd period - Stopped by Ilya Samsonov without a rebound.
3:48 of 3rd period - Derek Stepan wins face-off versus Brayden Schenn in Blackhawks zone.
4:05 of 3rd period - Snap shot by Brayden Schenn.
4:05 of 3rd period - Stopped by Ilya Samsonov without a rebound.
4:06 of 3rd period - Brandon Sutter wins face-off versus Erik Haula in Blackhawks zone.
4:42 of 3rd period - Snap shot by Brayden Schenn.
4:42 of 3rd period - Deflect By Brock McGinn.
4:42 of 3rd period - Goal by Brock McGinn - Islanders : 4 - Blackhawks : 2.
4:43 of 3rd period - Derek Stepan wins face-off versus Brock McGinn in neutral zone.
4:46 of 3rd period - Wrist shot by Will Butcher.
4:46 of 3rd period - Deflect By Derek Stepan.
4:46 of 3rd period - Shot Misses the Net.
4:46 of 3rd period - Puck is out of play.
4:47 of 3rd period - Brayden Schenn wins face-off versus Derek Stepan in Islanders zone.
4:47 of 3rd period - Brayden Schenn is hit by Mikko Rantanen.
6:41 of 3rd period - Gabriel Carlsson is hit by Adrian Kempe and loses puck.
7:14 of 3rd period - Icing by Thomas Chabot.
7:15 of 3rd period - Jason Akeson wins face-off versus Derek Stepan in Blackhawks zone.
7:28 of 3rd period - Slapshot by Thomas Chabot.
7:28 of 3rd period - Stopped by Tyler Weiman with a rebound.
7:42 of 3rd period - Backhand shot by Vladimir Tarasenko.
7:42 of 3rd period - Shot Misses the Net.
7:47 of 3rd period - Icing by Mikko Rantanen.
7:48 of 3rd period - Derek Stepan wins face-off versus Brayden Schenn in Blackhawks zone.
7:55 of 3rd period - Snap shot by Derek Stepan.
7:55 of 3rd period - Stopped by Tyler Weiman with a rebound.
7:57 of 3rd period - Snap shot by Thomas Chabot.
7:57 of 3rd period - Deflect By Brock McGinn.
7:57 of 3rd period - Stopped by Tyler Weiman without a rebound.
7:58 of 3rd period - Brayden Schenn wins face-off versus Erik Haula in Islanders zone.
9:04 of 3rd period - Wrist shot by William Karlsson.
9:04 of 3rd period - Shot Blocked by Brayden Schenn.
9:14 of 3rd period - Snap shot by Vladimir Tarasenko.
9:14 of 3rd period - Shot Blocked by Robert Hagg.
9:16 of 3rd period - Snap shot by Brayden Schenn.
9:16 of 3rd period - Stopped by Ilya Samsonov with a rebound.
9:18 of 3rd period - Snap shot by Gabriel Carlsson.
9:18 of 3rd period - Stopped by Ilya Samsonov without a rebound.
9:19 of 3rd period - Kellan Lain wins face-off versus Antoine Roussel in Blackhawks zone.
9:46 of 3rd period - Slapshot by Thomas Chabot.
9:46 of 3rd period - Deflect By Erik Haula.
9:46 of 3rd period - Shot Misses the Net.
9:46 of 3rd period - Puck is out of play.
9:47 of 3rd period - Erik Haula wins face-off versus Michael Latta in Islanders zone.
10:11 of 3rd period - Off-side.
10:12 of 3rd period - Brandon Sutter wins face-off versus Antoine Roussel in neutral zone.
10:35 of 3rd period - Minor Penalty to Jason Akeson for Slashing.
10:36 of 3rd period - Brayden Schenn wins face-off versus Derek Stepan in Islanders zone.
11:03 of 3rd period - Ryan Ellis is hit by Thomas Chabot and loses puck.
12:35 of 3rd period - Penalty to Jason Akeson is over, Jason Akeson is back on ice.
12:43 of 3rd period - Yann Sauvé is hit by Andrew Ladd and loses puck.
13:23 of 3rd period - Wrist shot by Jamie Arniel.
13:23 of 3rd period - Stopped by Ilya Samsonov with a rebound.
13:33 of 3rd period - Brian Ferlin is hit by Joe Pavelski.
14:04 of 3rd period - Ryan Ellis is hit by Timo Meier and loses puck.
14:48 of 3rd period - Slapshot by Erik Haula.
14:48 of 3rd period - Stopped by Tyler Weiman with a rebound.
15:05 of 3rd period - Thomas Chabot is hit by Kellan Lain and loses puck.
16:14 of 3rd period - Jason Akeson is hit by Antoine Roussel.
16:33 of 3rd period - Emerson Etem is hit by Stefan Matteau and loses puck.
16:38 of 3rd period - Wrist shot by Joe Pavelski.
16:38 of 3rd period - Stopped by Tyler Weiman with a rebound.
16:40 of 3rd period - Wrist shot by Robert Hagg.
16:40 of 3rd period - Shot Blocked by Jason Akeson.
16:42 of 3rd period - Slapshot by Radko Gudas.
16:42 of 3rd period - Shot Blocked by Ryan Ellis.
17:00 of 3rd period - Wrist shot by Jason Akeson.
17:00 of 3rd period - Shot Misses the Net.
17:04 of 3rd period - Snap shot by Michael Latta.
17:04 of 3rd period - Stopped by Ilya Samsonov without a rebound.
17:05 of 3rd period - Brayden Schenn wins face-off versus William Karlsson in Blackhawks zone.
17:09 of 3rd period - Icing by Will Butcher.
17:10 of 3rd period - Brayden Schenn wins face-off versus William Karlsson in Blackhawks zone.
17:15 of 3rd period - Snap shot by Brock McGinn.
17:15 of 3rd period - Stopped by Ilya Samsonov with a rebound.
17:17 of 3rd period - Wrist shot by Brayden Schenn.
17:17 of 3rd period - Shot Misses the Net.
17:19 of 3rd period - Snap shot by Vladimir Tarasenko.
17:19 of 3rd period - Shot Misses the Net.
17:21 of 3rd period - Slapshot by Yann Sauvé.
17:21 of 3rd period - Shot Misses the Net.
17:23 of 3rd period - Slapshot by Dylan McIlrath.
17:23 of 3rd period - Stopped by Ilya Samsonov with a rebound.
17:25 of 3rd period - Wrist shot by Vladimir Tarasenko.
17:25 of 3rd period - Stopped by Ilya Samsonov with a rebound.
17:43 of 3rd period - Snap shot by Mikko Rantanen.
17:43 of 3rd period - Stopped by Tyler Weiman without a rebound.
17:44 of 3rd period - Brayden Schenn wins face-off versus Derek Stepan in Islanders zone.
17:44 of 3rd period - Brayden Schenn is hit by Antoine Roussel.
17:52 of 3rd period - Slapshot by Thomas Chabot.
17:52 of 3rd period - Deflect By Brayden Schenn.
17:52 of 3rd period - Goal by Thomas Chabot - Islanders : 4 - Blackhawks : 3.
17:53 of 3rd period - Michael Latta wins face-off versus William Karlsson in neutral zone.
17:55 of 3rd period - Off-side.
17:56 of 3rd period - Michael Latta wins face-off versus William Karlsson in neutral zone.
18:13 of 3rd period - Slapshot by Adrian Kempe.
18:13 of 3rd period - Deflect By William Karlsson.
18:13 of 3rd period - Stopped by Tyler Weiman with a rebound.
18:27 of 3rd period - Wrist shot by Timo Meier.
18:27 of 3rd period - Stopped by Tyler Weiman with a rebound.
18:54 of 3rd period - Minor Penalty to Antoine Roussel for Cross-checking.
18:55 of 3rd period - Mike Amadio wins face-off versus Brayden Schenn in Blackhawks zone.
19:59 of 3rd period - PK Subban is hit by Brandon Sutter and loses puck.
Goals for this period are 1 for Islanders vs 1 for Blackhawks.
Shots for this period are 13 for Islanders vs 9 for Blackhawks.